Map: Habitation Station LE (Void)

Players

Kelazhur - Winner!

  • Race: Terran Terran
  • Spawn Location: 11:00

SortOf

  • Race: Zerg Zerg
  • League: Master
  • Spawn Location: 1:00

Event: NationWars IV

VOD

Have the link to the VOD?

Description

Time

  • Played on: Jan. 6, 2017, 12:02 p.m.
  • Length: 11:25

All games in this series

Show
View Real Time Build Order
Export as new Build Order

Kelazhur Terran - Winner!

Build Orders: Reaper Expand, MMM Bio 

Get SALT Encoding   

  12  0:00  SCV  
  13  0:13  SCV  
  14  0:17  Supply Depot  
  14  0:25  SCV  
  15  0:38  SCV  
  15  0:39  Barracks  
  16  0:42  Refinery  
  16  0:50  SCV  
  17  1:02  SCV  
  18  1:15  SCV  
  19  1:27  Orbital Command, Reaper  
  20  1:39  Command Center  
  20  1:49  Refinery  
  20  1:51  Supply Depot  
  20  1:54  SCV  
  20  1:59  Barracks Reactor  
  21  2:06  SCV  
  22  2:19  Factory, SCV  
  23  2:31  SCV  
  23  2:36  Marine x2  
  26  2:43  SCV  
  27  2:50  Orbital Command  
  27  2:54  Marine x2  
  27  2:55  SCV  
  30  3:05  Starport  
  30  3:07  SCV  
  30  3:09  Bunker  
  31  3:20  SCV x2  
  31  3:21  Hellion  
  31  3:22  Hellion  
  37  3:32  SCV x2  
  39  3:35  Refinery  
  39  3:42  Fusion Core  
  39  3:44  SCV, Viking  
  39  3:45  SCV  
  43  3:52  Barracks Tech Lab  
  43  3:57  Supply Depot, SCV x2  
  43  4:01  Supply Depot  
  45  4:09  SCV, Liberator  
  46  4:19  SCV  
  46  4:21  Hellion x2  
  46  4:22  SCV  
  52  4:26  Supply Depot  
  52  4:29  Advanced Ballistics  
  55  4:35  SCV x2  
  57  4:42  Hellion x2  
  61  4:47  SCV  
  61  4:48  Supply Depot  
  61  4:49  SCV  
  61  4:52  Liberator  
  63  4:56  Barracks Tech Lab  
  64  5:00  SCV  
  64  5:01  SCV  
  64  5:02  Supply Depot  
  64  5:05  Command Center  
  65  5:12  SCV  
  65  5:13  SCV  
  70  5:19  Marine  
  70  5:20  Stimpack  
  71  5:24  SCV  
  71  5:26  Barracks x2  
  71  5:27  Factory Reactor  
  73  5:28  SCV  
  73  5:36  SCV  
  73  5:37  Marauder  
  73  5:40  SCV  
  77  5:48  SCV, Engineering Bay  
  77  5:49  Engineering Bay  
  78  5:50  Refinery  
  78  5:52  SCV  
  82  5:59  Marauder  
  82  6:00  SCV  
  82  6:04  SCV  
  83  6:12  SCV  
  83  6:15  Terran Infantry Weapons Level 1, Terran Infantry Armor Level 1  
  83  6:17  SCV  
  83  6:18  Barracks x2  
  85  6:20  Marine x2  
  85  6:23  Marauder  
  85  6:24  SCV  
  90  6:30  SCV  
  91  6:36  Marine  
  91  6:37  Marine  
  91  6:38  Orbital Command, Siege Tank  
  91  6:39  SCV  
  97  6:42  Starport Reactor  
  97  6:43  SCV  
  97  6:45  Marauder  
  100  6:50  Marine  
  100  6:53  Supply Depot x2  
  101  6:56  Marine x3  
  101  6:58  Armory  
  104  7:07  SCV  
  105  7:10  Siege Tank  
  105  7:14  Barracks Reactor x2  
  108  7:16  Marine x3  
  108  7:17  Marauder, Marine  
  114  7:22  Orbital Command  
  114  7:23  SCV x2  
  116  7:34  Medivac x2  
  120  7:38  Marine  
  120  7:40  Marine  
  120  7:43  Marine  
  119  7:47  Marine  
  119  7:49  Marauder  
  119  7:53  Supply Depot  
  119  7:54  Supply Depot  
  119  7:56  Supply Depot  
  119  7:58  Missile Turret x2  
  119  7:59  Missile Turret, SCV x3  
  119  8:01  Marine x3  
  119  8:03  Missile Turret  
  119  8:05  Combat Shields  
  125  8:10  Terran Infantry Weapons Level 2  
  125  8:16  Terran Infantry Armor Level 2  
  125  8:17  Marine x2  
  128  8:23  Marine x3  
  128  8:24  Marauder, Marine  
  128  8:26  Medivac  
  132  8:28  Medivac  
  134  8:36  Siege Tank  
  129  8:45  Marine  
  129  8:46  Marine x8  
  125  8:56  Medivac  
  125  8:58  Medivac  
  108  9:03  Marine  
  108  9:04  Marine x6  
  108  9:07  Marine x2  
  116  9:12  Barracks x3  
  113  9:19  Supply Depot  
  113  9:22  Marine x4  
  113  9:23  Marine x3  
  113  9:24  Factory Reactor, Liberator x2  
  120  9:32  Command Center  
  120  9:34  Marauder, Marine  
  123  9:38  Supply Depot  
  123  9:39  Supply Depot  
  123  9:40  Marine  
  123  9:44  Marine  
  131  9:46  Marine x2  
  131  9:47  Marine x3  
  131  9:50  Supply Depot  
  135  9:54  Marine  
  135  9:55  Marine  
  135  9:58  Marine  
  138  10:01  Marine  
  138  10:02  Marine  
  140  10:07  Marine  
  140  10:11  Marine, Widow Mine x2  
  140  10:12  Marine x6  
  140  10:14  Marauder  
  152  10:16  Marine  
  152  10:19  Marine x2  
  155  10:25  Marine, Supply Depot  
  155  10:27  Command Center  
  155  10:30  Medivac x2  
  155  10:32  Marine  
  155  10:33  Marine x4  
  164  10:37  Marine  
  164  10:38  Marine x2  
  164  10:39  Marine x2, Widow Mine x2  
  173  10:56  Marine x3  
  176  10:57  Marine  
Show
View Real Time Build Order
Export as new Build Order

SortOf Zerg 

Build Orders: Hatch First, Muta Ling Bane 

Get SALT Encoding   

  12  0:00  Drone  
  13  0:12  Overlord  
  13  0:17  Drone  
  14  0:31  Drone x2  
  16  0:37  Drone  
  17  0:52  Hatchery  
  17  0:55  Drone  
  17  0:58  Drone  
  17  1:01  Extractor  
  17  1:13  Spawning Pool  
  16  1:20  Drone x2  
  18  1:28  Drone  
  19  1:38  Overlord  
  19  1:50  Drone  
  20  2:00  Queen  
  22  2:01  Zergling x2  
  22  2:03  Queen  
  22  2:05  Zergling x2  
  22  2:07  Metabolic Boost  
  26  2:12  Zergling x2  
  27  2:17  Drone  
  28  2:24  Drone  
  29  2:32  Drone  
  29  2:34  Spore Crawler  
  29  2:36  Queen  
  31  2:37  Drone  
  31  2:41  Overlord  
  31  2:44  Drone  
  34  2:48  Drone  
  35  2:57  Drone  
  36  2:59  Overlord  
  36  3:05  Zergling x2  
  37  3:10  Drone x2  
  37  3:11  Drone x5  
  44  3:18  Drone  
  45  3:34  Hatchery  
  45  3:35  Drone x2, Queen  
  45  3:36  Drone  
  49  3:41  Drone  
  49  3:44  Roach Warren, Drone  
  49  3:49  Overlord  
  49  3:51  Overlord  
  49  4:06  Spore Crawler  
  49  4:09  Evolution Chamber  
  47  4:10  Evolution Chamber  
  47  4:14  Queen  
  48  4:20  Drone x4  
  48  4:24  Drone x2  
  54  4:26  Zergling x2  
  54  4:27  Zergling x10  
  60  4:34  Overlord  
  60  4:37  Zerg Ground Armor Level 1  
  59  4:39  Zerg Melee Weapons Level 1  
  59  4:43  Overlord  
  59  4:46  Overlord  
  59  4:47  Overlord  
  59  4:49  Drone x3  
  62  4:53  Drone x2  
  62  4:58  Drone  
  62  4:59  Drone  
  66  5:04  Drone  
  66  5:05  Drone x3  
  70  5:09  Roach  
  72  5:15  Extractor x2, Lair  
  72  5:16  Drone  
  71  5:22  Drone x2  
  71  5:23  Spore Crawler, Drone x4  
  71  5:26  Roach  
  78  5:30  Overlord  
  78  5:31  Drone x2  
  78  5:32  Drone x3  
  78  5:33  Drone  
  78  5:35  Extractor  
  83  5:42  Spore Crawler, Drone x2, Queen  
  86  5:45  Overlord  
  86  5:50  Overlord  
  86  5:58  Overlord  
  86  6:02  Roach  
  88  6:05  Drone x2  
  88  6:07  Hatchery  
  88  6:09  Ravager x2  
  88  6:11  Drone x6  
  90  6:16  Extractor  
  87  6:28  Extractor, Spire, Drone x2  
  87  6:29  Drone x3  
  87  6:30  Baneling Nest, Drone x2  
  89  6:36  Drone x4  
  92  6:42  Overlord  
  92  6:43  Drone x2  
  92  6:53  Drone x5  
  96  6:55  Drone x2  
  98  7:02  Ravager  
  98  7:04  Overlord  
  96  7:09  Drone  
  96  7:10  Drone x4  
  96  7:13  Drone  
  99  7:29  Zergling x18  
  107  7:35  Centrifical Hooks  
  107  7:39  Mutalisk  
  107  7:40  Mutalisk  
  110  7:48  Zerg Ground Armor Level 2  
  110  7:49  Zerg Melee Weapons Level 2  
  109  7:54  Drone  
  109  7:55  Drone  
  109  7:57  Baneling x5  
  109  7:58  Overseer  
  109  8:00  Zergling x2  
  109  8:01  Zergling x14  
  117  8:12  Mutalisk x2  
  121  8:13  Overlord x2  
  121  8:16  Drone  
  121  8:17  Drone x3  
  124  8:25  Overlord  
  123  8:31  Baneling x8  
  112  8:42  Zergling x2  
  112  8:43  Zergling x22  
  112  8:44  Zergling x2  
  112  8:46  Roach  
  112  8:52  Roach  
  112  8:53  Roach x2  
  113  9:01  Roach x6  
  116  9:08  Hatchery  
  110  9:10  Baneling x10, Queen  
  110  9:11  Queen  
  110  9:16  Overlord x2  
  114  9:17  Mutalisk x2  
  118  9:24  Mutalisk x2  
  118  9:30  Mutalisk  
  124  9:32  Zergling x14  
  124  9:33  Zergling x2  
  132  9:44  Mutalisk x2  
  136  9:46  Zergling x2  
  136  9:47  Zergling x8  
  141  9:55  Baneling x2  
  141  9:57  Mutalisk x2  
  144  10:04  Zergling x16  
  146  10:14  Overlord  
  146  10:18  Mutalisk x2  
  149  10:27  Baneling x2  
  149  10:28  Drone x5  
  153  10:37  Mutalisk x2  
  153  10:38  Mutalisk  
  157  10:46  Overlord  
  157  10:47  Zergling x20  
  163  10:58  Zergling x2  
  163  10:59  Zergling x6  
  163  11:02  Hatchery  
Tags
 
Add a new tag
Caveats
  • Supply blocks, unpowered buildings, or Contaminate may cause inaccurate times.
  • Supply counts are checked every 10 seconds.